 Dungeon Crawl Stone Soup version 0.20-a0-1089-g3fde505 (webtiles) character file.

68819 grindst0ne the Warrior (level 14, -1/140 HPs)
             Began as a Minotaur Fighter on May 3, 2017.
             Was the Champion of Wu Jian.
             Slain by a frost giant
             ... wielding a +2 battleaxe of freezing
              (10 damage)
             ... on level 12 of the Dungeon.
             The game lasted 01:41:53 (23372 turns).

grindst0ne the Warrior (Minotaur Fighter)          Turns: 23372, Time: 01:41:54

Health: -1/140     AC: 11    Str: 22    XL:     14   Next: 88%
Magic:  13/13      EV: 22    Int:  5    God:    Wu Jian [******]
Gold:   811        SH: 15    Dex: 14    Spells: 13/13 levels left

rFire    . . .     SeeInvis .   Y - +5 morningstar of Valiance {flame, +Fly rElec rF-}
rCold    . . .     Gourm    .   c - +0 shield
rNeg     . . .     Faith    .   l - +1 swamp dragon scales
rPois    +         Spirit   .   (helmet unavailable)
rElec    +         Reflect  +   Z - +1 cloak {MR+}
rCorr    .         Harm     .   (no gloves)
MR       ++...                  (no boots)
Stlth    +.........             Q - +2 amulet of reflection
Regen    0.4/turn               a - ring of protection from fire
MPRegen  0.2/turn               v - +5 ring of evasion

@: very slightly contaminated, serpent's lash
A: retaliatory headbutt, horns 3, deformed body, electricity resistance, sturdy
frame 1
a: Serpent's Lash, Heavenly Storm, Renounce Religion, Evoke Flight


You were on level 12 of the Dungeon.
You worshipped Wu Jian.
Wu Jian was exalted by your worship.
You were not hungry.

You visited 2 branches of the dungeon, and saw 18 of its levels.
You also visited: Labyrinth.

You collected 1342 gold pieces.
You spent 531 gold pieces at shops.

Inventory:

Hand Weapons
 k - a +0 demon blade of electrocution
 C - the +2 war axe of Hard Scrabble {drain, rF+ Int+2}
   (You found it on level 6 of the Lair of Beasts)

   A truly terrible weapon, it drains the life of those it strikes.
   It affects your intelligence (+2).
   It protects you from fire.
 G - a +3 flail of protection
 I - a +4 falchion of freezing
 Y - the +5 morningstar of Valiance (weapon) {flame, +Fly rElec rF-}
   (You found it on level 6 of the Lair of Beasts)

   It has been specially enchanted to burn those struck by it, causing extra
   injury to most foes and up to half again as much damage against particularly
   susceptible opponents.
   It makes you vulnerable to fire.
   It insulates you from electricity.
   It lets you fly.
Missiles
 z - 25 tomahawks (quivered)
 D - a throwing net
Armour
 c - a +0 shield (worn)
 l - +1 swamp dragon scales (worn)
 A - a +2 ring mail of fire resistance
 Z - a +1 cloak of magic resistance (worn)
Jewellery
 a - a ring of protection from fire (left hand)
 m - an uncursed ring of resist corrosion
 n - an uncursed ring of protection from magic
 v - a +5 ring of evasion (right hand)
 y - an uncursed ring of protection from cold
 N - an uncursed amulet of guardian spirit
 Q - a +2 amulet of reflection (around neck)
 T - an uncursed amulet of regeneration
Wands
 e - a wand of digging (4/24)
 r - a wand of polymorph (15/24)
 w - a wand of disintegration (4/24)
 F - a wand of flame (17/48)
 H - a wand of random effects (14/48)
 K - a wand of paralysis (23/24)
 M - a wand of lightning (9/15)
 R - a wand of acid (0/15)
Scrolls
 d - a scroll of magic mapping
 g - a scroll of fog
 i - 4 scrolls of teleportation
 p - a scroll of recharging
 t - a scroll of enchant weapon
 u - 2 scrolls of fear
 B - a scroll of remove curse
 O - 5 scrolls of identify
Potions
 h - 2 potions of flight
 j - 3 potions of magic
 o - 5 potions of lignification
 J - 5 potions of curing
 L - a potion of agility
 S - a potion of berserk rage
Books
 P - a book of Conjurations

   Spells                             Type                      Level
   a - Magic Dart                     Conjuration                  1
   b - Searing Ray                    Conjuration                  2
   c - Dazzling Spray                 Conjuration/Hexes            3
   d - Fulminant Prism                Conjuration/Hexes            4
   e - Force Lance                    Conjuration/Translocation    4
   f - Iskenderun's Mystic Blast      Conjuration                  4
 W - a book of Changes

   Spells                             Type                      Level
   a - Beastly Appendage              Transmutation                1
   b - Sticks to Snakes               Transmutation                2
   c - Spider Form                    Transmutation/Poison         3
   d - Ice Form                       Ice/Transmutation            4
   e - Blade Hands                    Transmutation                5
Comestibles
 f - 8 bread rations
 q - 11 meat rations
 s - 10 fruits
 x - 16 royal jellies
 E - 2 chunks of flesh


   Skills:
 - Level 17.6 Fighting
 * Level 13.3(14.1) Axes
 * Level 8.5(11.9) Maces & Flails
 + Level 14.0 Armour
 - Level 10.0 Dodging
 - Level 11.5 Shields


You had 13 spell levels left.
You didn't know any spells.

Dungeon Overview and Level Annotations

Branches:
Dungeon (12/15)            Temple (0/1) D:5            Lair (6/6) D:11
 Shoals (0/4) Lair:4        Snake (0/4) Lair:3        Slime (0/5) Lair:5
    Orc (0/2) D:11

Altars:
Ashenzari
Cheibriados
Elyvilon
Fedhas
Gozag
Kikubaaqudgha
Okawaru
Trog
Vehumet
Wu Jian
Yredelemnul
The Shining One

Shops:
D:6 !   D:11 !

Annotations:
Lair:5 exclusion: 4 oklob plants


Innate Abilities, Weirdness & Mutations

You reflexively headbutt those who attack you in melee.
You have a pair of large horns on your head.
Armour fits poorly on your strangely shaped body.
You are resistant to electric shocks. (rElec)
Your movements are slightly less encumbered by armour. (ER -2)


Message History

Press: ? - help, Dir - move target cursor You are very lightly contaminated with residual magic.
As you read the scroll of blinking, it crumbles to dust.
You feel much better.
Your muscles tense, ready for explosive movement...
You puncture the frost giant! You burn the frost giant.
You headbutt the frost giant.
The frost giant is moderately wounded.
The frost giant barely misses you.
You puncture the frost giant! You burn the frost giant.
The frost giant is moderately wounded.
The frost giant casts a spell at you. The bolt of cold hits you!
* * * LOW HITPOINT WARNING * * *
You hit the frost giant. You burn the frost giant.
The frost giant is moderately wounded.
The frost giant hits you with a battleaxe of freezing!!
* * * LOW HITPOINT WARNING * * *
The frost giant freezes you!
You die...

#..# . #..# . #..# ..
#..# (.##########..#
..C..(........##########
..))).()(.(.............
...)?..†..[....C..#
.###############@.# #..#
#####..###########
....................
....................
..........(.........
#######...##########
#...# #...#


You could see a frost giant.

Vanquished Creatures
  A minotaur (Lab)
  Fannar (Lair:1)
  6 hydras
  A catoblepas (Lair:2)
  2 two-headed ogres (D:8)
  8 death yaks
  Sonja (Lair:2)
  Nergalle (Lair:1)
  A lindwurm (Lair:6)
  A wolf spider zombie (D:8)
  4 oklob plants (Lair:6)
  6 black mambas
  A merfolk siren (Lair:4)
  5 elephants (Lair:3)
  Joseph (Lair:1)
  4 centaur zombies
  A gargoyle (D:11)
  A torpor snail (Lair:5)
  4 centaur skeletons
  32 spiny frogs
  A kobold demonologist (D:12)
  3 rime drakes
  11 komodo dragons
  A queen bee (D:8)
  2 hellwings (D:8)
  3 tyrant leeches (Lair:6)
  A polar bear (Lair:6)
  38 blink frogs
  2 merfolk (Lair:4)
  7 hippogriffs
  11 dream sheep
  4 wyverns
  35 yaks
  4 hungry ghosts
  6 vampire mosquitoes (Lair:6)
  A basilisk (Lair:6)
  An acid dragon (D:12)
  A soldier ant (D:11)
  30 water moccasins
  7 porcupines
  A sky beast (D:6)
  An ice beast (D:8)
  5 ogres
  11 orc warriors
  2 black bears
  14 wolves (Lair:3)
  4 centaurs
  10 crocodiles
  A big kobold (D:12)
  35 bullfrogs
  A gnoll sergeant (D:8)
  A wyvern skeleton (D:8)
  5 scorpions
  19 killer bees
  5 wights
  6 electric eels
  4 crimson imps
  9 hounds
  A bullfrog zombie (D:6)
  6 orc priests
  A jelly (D:5)
  A gnoll shaman (D:8)
  14 orc wizards
  2 bullfrog skeletons
  Terence (D:2)
  2 iguanas
  11 worker ants
  A worker ant zombie (D:9)
  8 gnolls
  28 adders
  A howler monkey skeleton (D:4)
  8 shadow imps
  An ooze (D:5)
  An adder skeleton (D:8)
  2 worms
  4 dart slugs
  6 leopard geckos
  71 orcs
  A ball python (D:4)
  7 bats
  5 giant cockroaches
  8 goblins
  7 hobgoblins
  7 jackals
  A quokka (D:2)
  11 frilled lizards
  A jackal zombie (D:5)
  10 kobolds
  A quokka skeleton (D:6)
  2 rats
  2 plants
618 creatures vanquished.

Vanquished Creatures (others)
  Nessos (D:12)
  33 fungi
  45 plants
79 creatures vanquished.

Grand Total: 697 creatures vanquished

Notes
Turn   | Place    | Note
-------+----------+-------------------------------------------
     0 | D:1      | grindst0ne the Minotaur Fighter began the quest for the Orb.
     0 | D:1      | Reached XP level 1. HP: 19/19 MP: 0/0
   187 | D:1      | Reached skill level 4 in Fighting
   192 | D:1      | Reached XP level 2. HP: 26/27 MP: 1/1
   497 | D:1      | Reached XP level 3. HP: 34/34 MP: 2/2
   935 | D:2      | Noticed Terence
   944 | D:2      | Killed Terence
   944 | D:2      | Reached skill level 5 in Fighting
   944 | D:2      | Reached XP level 4. HP: 33/42 MP: 3/3
   966 | D:2      | Found a blossoming altar of Fedhas.
  1107 | D:2      | Found an ornate altar of the Wu Jian Council.
  1170 | D:2      | Became a worshipper of the Wu Jian Council
  1587 | D:3      | Reached XP level 5. HP: 43/48 MP: 4/4
  1806 | D:3      | Reached skill level 5 in Axes
  2013 | D:3      | Reached * piety under Wu Jian
  2337 | D:4      | Reached skill level 6 in Fighting
  2509 | D:4      | Reached XP level 6. HP: 47/57 MP: 5/5
  2923 | D:5      | Entered Level 5 of the Dungeon
  2924 | D:5      | Found an opulent altar of Gozag.
  3018 | D:4      | Reached skill level 7 in Fighting
  3037 | D:5      | HP: 1/60 [ogre/giant club (15)]
  3133 | D:4      | Reached XP level 7. HP: 18/66 MP: 6/6
  3728 | D:5      | Reached skill level 8 in Fighting
  3744 | D:5      | Found a bloodstained altar of Trog.
  3780 | D:5      | Found a staircase to the Ecumenical Temple.
  3808 | D:5      | Reached ** piety under Wu Jian
  4105 | D:6      | Found Wack's Distillery.
  4125 | D:6      | Bought a potion of heal wounds for 65 gold pieces
  4125 | D:6      | Bought a potion of heal wounds for 65 gold pieces
  4125 | D:6      | Bought a potion of heal wounds for 65 gold pieces
  4129 | D:6      | Found an iron altar of Okawaru.
  4291 | D:6      | Reached XP level 8. HP: 37/77 MP: 7/7
  4298 | D:6      | Gained mutation: Your movements are slightly less encumbered by armour. (ER -2) [mutagenic meat]
  4299 | D:6      | Gained mutation: You are somewhat resistant to further mutation. [mutagenic meat]
  4300 | D:6      | Gained mutation: Your spells are a little easier to cast, but a little less powerful. [mutagenic meat]
  4301 | D:6      | Gained mutation: You are occasionally teleported next to monsters. [mutagenic meat]
  4302 | D:6      | Gained mutation: Armour fits poorly on your strangely shaped body. [mutagenic meat]
  4303 | D:6      | Gained mutation: Your body sometimes deteriorates upon taking damage. [mutagenic meat]
  4337 | D:6      | Reached skill level 9 in Fighting
  5831 | D:7      | Reached skill level 10 in Fighting
  5986 | D:7      | Found an ancient bone altar of Kikubaaqudgha.
  6120 | D:7      | Reached skill level 11 in Fighting
  6158 | D:7      | Found a white marble altar of Elyvilon.
  6251 | D:7      | Reached XP level 9. HP: 89/89 MP: 8/8
  6410 | D:7      | Reached *** piety under Wu Jian
  6550 | D:8      | Reached skill level 12 in Fighting
  6606 | D:8      | Noticed a two-headed ogre
  6616 | D:8      | Killed a two-headed ogre
  6616 | D:8      | Reached skill level 13 in Fighting
  6671 | D:8      | Reached skill level 14 in Fighting
  6675 | D:8      | Reached XP level 10. HP: 40/104 MP: 9/9
  6968 | D:8      | Reached skill level 15 in Fighting
  7667 | D:8      | Reached skill level 16 in Fighting
  7683 | D:8      | Noticed a two-headed ogre
  7697 | D:8      | Killed a two-headed ogre
  7809 | D:8      | Reached **** piety under Wu Jian
  7901 | D:8      | Reached skill level 17 in Fighting
  7995 | D:8      | Reached XP level 11. HP: 64/117 MP: 10/10
  9038 | D:9      | Found a radiant altar of Vehumet.
  9257 | D:9      | Found a basalt altar of Yredelemnul.
  9270 | D:9      | Reached skill level 1 in Dodging
  9353 | D:9      | Found a glowing golden altar of the Shining One.
  9382 | D:9      | Reached ***** piety under Wu Jian
  9877 | D:9      | Found a snail-covered altar of Cheibriados.
 10244 | D:10     | Entered Level 10 of the Dungeon
 10265 | D:10     | Reached skill level 10 in Axes
 10925 | D:11     | Reached skill level 5 in Shields
 10926 | D:11     | Found a staircase to the Lair.
 11651 | D:11     | Found Touhy's Distillery.
 11659 | D:11     | Bought a potion of might for 56 gold pieces
 11659 | D:11     | Bought a potion of curing for 42 gold pieces
 11659 | D:11     | Bought a potion of might for 56 gold pieces
 11659 | D:11     | Bought a potion of heal wounds for 70 gold pieces
 11659 | D:11     | Bought a potion of ambrosia for 112 gold pieces
 11840 | D:11     | Found a staircase to the Orcish Mines.
 12047 | Lair:1   | Entered Level 1 of the Lair of Beasts
 12328 | Lair:1   | Noticed a five-headed hydra
 12339 | Lair:1   | Killed a five-headed hydra
 12674 | Lair:1   | Reached XP level 12. HP: 26/126 MP: 11/11
 12721 | Lair:1   | Noticed Nergalle
 12732 | Lair:1   | Killed Nergalle
 12732 | Lair:1   | Reached skill level 5 in Dodging
 12829 | Lair:1   | Noticed Fannar
 12885 | Lair:1   | Killed Fannar
 13171 | Lair:1   | Noticed Joseph
 13181 | Lair:1   | Killed Joseph
 14017 | Lair:2   | Noticed a catoblepas
 14019 | Lair:2   | Noticed Sonja
 14037 | Lair:2   | Killed Sonja
 14186 | Lair:2   | Killed a catoblepas
 15351 | Lair:3   | Found a shattered altar of Ashenzari.
 15361 | Lair:3   | Noticed a death yak
 15364 | Lair:3   | Noticed a death yak
 15365 | Lair:3   | Noticed a death yak
 15365 | Lair:3   | Noticed a death yak
 15365 | Lair:3   | Noticed a death yak
 15400 | Lair:3   | Killed a death yak
 15415 | Lair:3   | Killed a death yak
 15448 | Lair:3   | Killed a death yak
 15451 | Lair:3   | Killed a death yak
 15454 | Lair:3   | HP: 2/126 [death yak (19)]
 15456 | Lair:3   | Killed a death yak
 15968 | Lair:3   | Found a staircase to the Snake Pit.
 16009 | Lair:3   | Reached skill level 10 in Shields
 16035 | Lair:3   | Reached XP level 13. HP: 81/133 MP: 12/12
 16468 | Lair:3   | Lost mutation: Your spells are a little easier to cast, but a little less powerful. [potion of mutation]
 16468 | Lair:3   | Lost mutation: Your body sometimes deteriorates upon taking damage. [potion of mutation]
 16468 | Lair:3   | Lost mutation: You are somewhat resistant to further mutation. [potion of mutation]
 16468 | Lair:3   | Lost mutation: You are occasionally teleported next to monsters. [potion of mutation]
 16468 | Lair:3   | Gained mutation: You are resistant to electric shocks. (rElec) [potion of mutation]
 16468 | Lair:3   | Gained mutation: You have a pair of large horns on your head. [potion of mutation]
 17298 | Lair:4   | Found a labyrinth entrance.
 17313 | Lab      | Entered a labyrinth
 17440 | Lab      | Noticed a minotaur
 17455 | Lab      | Killed a minotaur
 17455 | Lab      | Reached skill level 10 in Dodging
 17468 | Lab      | Identified Jiak Mec's Grimoire of Hexes
 17871 | Lair:4   | Reached skill level 5 in Armour
 18247 | Lair:4   | Found a staircase to the Shoals.
 19423 | Lair:5   | Reached skill level 10 in Armour
 19632 | Lair:5   | Found a staircase to the Slime Pits.
 19925 | Lair:5   | Reached XP level 14. HP: 137/140 MP: 13/13
 19926 | Lair:5   | Reached ****** piety under Wu Jian
 20081 | Lair:6   | Entered Level 6 of the Lair of Beasts
 20842 | Lair:6   | Reached skill level 1 in Maces & Flails
 21310 | Lair:6   | Reached skill level 5 in Maces & Flails
 21780 | Lair:6   | Got an encrusted morningstar
 21788 | Lair:6   | Identified the +5 morningstar of Valiance {flame, +Fly rElec rF-} (You found it on level 6 of the Lair of Beasts)
 22842 | Lair:6   | Got a slimy war axe
 22875 | Lair:6   | Identified the cursed +2 war axe of Hard Scrabble {drain, rF+ Int+2} (You found it on level 6 of the Lair of Beasts)
 23309 | D:12     | Noticed Nessos
 23331 | D:12     | Killed Nessos
 23347 | D:12     | Noticed a frost giant
 23372 | D:12     | Slain by a frost giant

Vault maps used:
D:1:      kennysheep_arrival_forest, minmay_statues_item
D:2:      nicolae_overflow_crystal_walls, fedhas_altar_fruit_tree, uniq_terence
D:4:      serial_glass, glass_columns_a, glass_columns_a
D:5:      nicolae_gozag_seed_capital, bloody_trog, temple_green, first_bread
D:6:      serial_shops, shop, okawaru_ov_weapons_minmay
D:7:      elyvilon_altar_1, old_standard_altar, eino_tiny_chamber
D:8:      cheibrodos_grave_circle, david_nohive_1, sword_in_stone
D:9:      kennysheep_mini, overflow_temple_1_default, tso_altar,
          lemuel_doored_altar
D:11:     due_lair_maze_entry_diamond, david_orc_2, serial_shops,
          nicolae_shop_temple_entry_statues_fountains
D:12:     jmf_multi_god_temple, uniq_nessos, uniq_frances
Lair:1:   grunt_megastairs_4, uniq_nergalle, uniq_fannar, uniq_joseph
Lair:2:   uniq_sonja
Lair:3:   dummy_snake_entry, basic_altar, grunt_megastairs_3,
          serial_bayou_shore_b
Lair:4:   elwin_shoals_entry_rooms, lab_entry_generic
Lair:5:   lemuel_reptile_caves, minmay_slime_entry_oklob_enclosed, dpeg_oklob_1
Lair:6:   minmay_lair_end_frog_pond, minmay_lair_oklob_chamber
Lab:      nicolae_lab_dead_adventurers, labyrinth_skeletal_remains,
          nicolae_lab_flowing_pool, nicolae_lab_big_swirl, labyrinth_lava_lair

Skill      XL: |  1  2  3  4  5  6  7  8  9 10 11 12 13 14 |
---------------+-------------------------------------------+-----
Fighting       | 4 5 6 7 8 11 14 17 | 17.6
Axes           | 3 4 5 6 8 9 11 13 | 13.3
Dodging        | 4 8 10 | 10.0
Shields        | 6 10 11 | 11.5
Armour         | 11 14 | 14.0
Maces & Flails | 8 |  8.5

Action                   |  1- 3 |  4- 6 |  7- 9 | 10-12 | 13-15 || total
-------------------------+-------+-------+-------+-------+-------++-------
Melee: War axe           |    64 |   192 |     7 |       |       ||   263
       Headbutt          |    11 |    25 |    48 |   205 |   234 ||   523
       Flail             |       |       |    98 |   835 |   805 ||  1738
       Falchion          |       |       |   104 |       |       ||   104
       Morningstar       |       |       |       |       |   122 ||   122
Throw: Tomahawk          |       |       |     1 |       |       ||     1
       Throwing net      |       |       |       |     1 |     3 ||     4
Invok: Serpent's Lash    |       |       |       |     2 |     1 ||     3
       Heavenly Storm    |       |       |       |     1 |       ||     1
Evoke: Wand              |       |       |       |     6 |    19 ||    25
  Use: Scroll            |       |       |    18 |    11 |    20 ||    49
       Potion            |       |       |     8 |    17 |     4 ||    29
 Stab: Distracted        |       |       |       |     1 |       ||     1
       Invisible         |       |       |       |     1 |       ||     1
  Eat: Chunk             |       |     7 |    18 |    13 |    24 ||    62
       Fruit             |       |       |     1 |       |       ||     1
       Bread ration      |       |       |       |     4 |       ||     4
       Meat ration       |       |       |       |       |     1 ||     1
Armor: Scale mail        |     9 |       |       |       |       ||     9
       Plate armour      |    21 |   105 |       |       |       ||   126
       Ring mail         |       |     9 |    74 |   192 |    18 ||   293
       Swamp dragon scal |       |       |       |       |    85 ||    85
Dodge: Dodged            |    14 |    31 |    79 |   469 |   605 ||  1198
Block: Shield            |    29 |   114 |    89 |   434 |   701 ||  1367
       Reflection        |       |       |       |     4 |    15 ||    19
       Rpst.: Falchion   |       |       |    14 |       |       ||    14
